Map: Cerulean Fall LE

Players

Krystianer

  • Race: Protoss Protoss
  • League: Grandmaster
  • Spawn Location: 1:00

Lambo - Winner!

  • Race: Zerg Zerg
  • League: Grandmaster
  • Spawn Location: 7:00

VOD

Have the link to the VOD?

Description

Time

  • Played on: Dec. 16, 2018, 8:08 a.m.
  • Length: 8:25
Show
View Real Time Build Order
Export as new Build Order

Krystianer Protoss 

Build Orders: 1 Gate Expand, Phoenix Opening 

Get SALT Encoding   

  12  0:00  Probe  
  13  0:14  Probe  
  14  0:18  Pylon  
  14  0:25  Probe  
  15  0:33  Probe  
  15  0:40  Gateway  
  16  0:43  Probe  
  16  0:47  Assimilator  
  17  0:55  Probe  
  18  1:07  Probe  
  19  1:19  Probe  
  20  1:28  Nexus  
  20  1:36  Cybernetics Core  
  20  1:40  Assimilator  
  20  1:44  Probe  
  21  1:51  Pylon  
  21  1:56  Probe  
  22  2:03  Adept  
  22  2:08  Probe  
  25  2:19  Stargate  
  25  2:20  Probe  
  26  2:29  Adept  
  26  2:32  Probe  
  26  2:33  Warp Gate  
  29  2:38  Probe  
  29  2:40  Probe  
  31  2:46  Probe  
  31  2:48  Probe  
  32  2:56  Probe, Phoenix  
  34  2:59  Probe  
  37  3:08  Probe  
  37  3:11  Probe  
  39  3:20  Probe  
  39  3:21  Gateway  
  39  3:23  Probe  
  41  3:31  Twilight Council  
  41  3:32  Gateway  
  41  3:36  Gateway, Phoenix  
  41  3:48  Assimilator  
  43  3:51  Probe x2  
  43  3:55  Pylon  
  45  3:58  Resonating Glaives  
  45  4:05  Phoenix  
  45  4:07  Pylon  
  47  4:18  Probe  
  47  4:19  Probe  
  49  4:25  Phoenix  
  49  4:30  Probe  
  49  4:31  Probe  
  53  4:39  Adept x4  
  53  4:43  Pylon x2  
  61  4:59  Phoenix  
  61  5:02  Adept x4  
  61  5:05  Pylon  
  71  5:23  Adept x3  
  71  5:24  Adept  
  79  5:32  Nexus  
  79  5:40  Void Ray  
  77  5:54  Probe  
  77  5:55  Probe  
  79  6:02  Adept  
  79  6:03  Adept x2  
  83  6:08  Pylon  
  83  6:09  Pylon  
  83  6:12  Pylon  
  83  6:14  Robotics Facility, Void Ray  
  78  6:19  Pylon  
  58  6:50  Zealot  
  60  7:00  Zealot  
  18  7:56  Zealot x2  
Show
View Real Time Build Order
Export as new Build Order

Lambo Zerg - Winner!

Build Orders: Hatch First 

Get SALT Encoding   

  12  0:01  Drone  
  13  0:12  Overlord  
  13  0:18  Drone  
  14  0:30  Drone x2  
  16  0:49  Hatchery  
  15  0:51  Drone  
  15  0:55  Drone  
  17  0:59  Drone  
  18  1:08  Extractor  
  17  1:15  Spawning Pool  
  17  1:17  Drone  
  17  1:21  Drone  
  18  1:29  Drone  
  19  1:39  Drone  
  20  1:50  Overlord  
  20  2:01  Queen x2  
  20  2:02  Zergling x2  
  20  2:03  Zergling x2  
  26  2:09  Metabolic Boost  
  26  2:11  Drone  
  26  2:12  Drone  
  28  2:23  Drone x2  
  30  2:34  Drone x2  
  32  2:42  Hatchery  
  31  2:45  Drone  
  31  2:48  Overlord  
  32  2:56  Queen  
  34  3:00  Drone  
  34  3:03  Drone  
  36  3:08  Drone x2  
  38  3:13  Drone x3  
  38  3:16  Overlord  
  38  3:19  Drone x2  
  43  3:24  Drone  
  44  3:28  Overlord  
  44  3:36  Overlord  
  44  3:37  Drone  
  44  3:40  Drone  
  46  3:45  Spore Crawler  
  46  3:46  Queen  
  46  3:48  Drone x4  
  49  3:52  Roach Warren  
  50  3:57  Extractor, Drone x2  
  50  3:58  Extractor  
  50  4:00  Drone  
  51  4:07  Queen  
  51  4:08  Spore Crawler  
  52  4:11  Drone x2  
  52  4:14  Overlord  
  54  4:24  Queen  
  54  4:29  Overlord  
  56  4:32  Queen  
  56  4:33  Overlord  
  57  4:41  Overlord  
  57  4:44  Queen  
  59  4:46  Overlord  
  59  4:47  Roach x2  
  59  4:50  Roach  
  65  4:55  Roach x2  
  65  4:59  Roach x2  
  73  5:02  Roach  
  73  5:06  Roach  
  77  5:12  Roach  
  77  5:13  Roach x2  
  83  5:19  Roach x3  
  89  5:22  Overlord  
  89  5:27  Overlord  
  89  5:40  Overlord  
  88  5:49  Roach x2  
  95  5:50  Roach x2  
  95  5:51  Ravager x3  
  98  6:02  Roach x5  
  103  6:06  Roach x2  
  101  6:14  Roach x2  
  90  6:22  Roach  
  81  6:33  Roach x2  
  74  7:10  Drone x6  
  73  7:21  Ravager x3  
  74  7:23  Drone x2  
  68  7:53  Drone  
  68  7:54  Drone  
  72  8:01  Drone  
Tags
 
Add a new tag
Caveats
  • Supply blocks, unpowered buildings, or Contaminate may cause inaccurate times.
  • Supply counts are checked every 10 seconds.